 Dungeon Crawl Stone Soup version 0.29-a0-834-g1e95ca9f62 (webtiles) character file.

Game seed: 12715333448751016424

38 purpskrrrp the Sneak (level 3, -10/16 HPs)
             Began as a Vine Stalker Enchanter on July 13, 2022.
             Was a Follower of Nemelex Xobeh.
             Mangled by Sigmund
             ... wielding a +0 scythe
              (11 damage)
             ... on level 2 of the Dungeon.
             The game lasted 00:05:55 (1594 turns).

purpskrrrp the Sneak (Vine Stalker Enchanter)       Turns: 1594, Time: 00:05:55

Health: -10/16     AC:  2    Str: 10    XL:     3   Next: 43%
Magic:  0/7        EV: 12    Int: 15    God:    Nemelex Xobeh [*.....]
Gold:   47         SH:  0    Dex: 16    Spells: 6/6 levels left

rFire   . . .      SeeInvis .   a - +1 dagger
rCold   . . .      Faith    .   (no shield)
rNeg    . . .      Spirit   +   b - +0 robe
rPois   .          Reflect  .   (no helmet)
rElec   .          Harm     .   (no cloak)
rCorr   .          Rampage  .   (no gloves)
Will    .....                   (no boots)
Stlth   +.........              (no amulet)
HPRegen 0.05/turn               (no ring)
MPRegen 0.10/turn               (no ring)

@: confused, about to teleport
A: fangs 2, magic shield, antimagic bite, no potion heal 2
a: Renounce Religion, Draw Escape, Draw Destruction, Draw Summoning


You were on level 2 of the Dungeon.
You worshipped Nemelex Xobeh.
Nemelex Xobeh was aware of your devotion.
You visited 1 branch of the dungeon, and saw 2 of its levels.

You collected 47 gold pieces.

Inventory:

Hand Weapons
 a - a +1 dagger (weapon)
Missiles
 i - 6 boomerangs of dispersal (quivered)
 p - 4 poisoned darts
Armour
 b - a +0 robe (worn)
 o - a scarf of harm
Jewellery
 l - a ring of resist corrosion
Scrolls
 f - a scroll of teleportation
Potions
 c - a potion of invisibility
 d - a potion of degeneration
 e - a potion of cancellation {unknown}
 n - a potion of brilliance {unknown}


   Skills:
 + Level 0.1 Fighting
 * Level 1.0 Short Blades
 + Level 1.8 Dodging
 * Level 4.5 Stealth
 + Level 2.3 Spellcasting
 + Level 3.5 Hexes


You had 6 spell levels left.
You didn't know any spells.
Your spell library contained the following spells:

 Spells                   Type           Power      Damage    Failure   Level
 Ensorcelled Hibernation  Hex/Ice        12%        N/A       16%         2
 Confusing Touch          Hex            12%        N/A       16%         3
 Tukima's Dance           Hex            12%        N/A       16%         3
 Dazzling Flash           Conj/Hex       12%        N/A       32%         3
 Conjure Flame            Conj/Fire      1%         6-21      54%         3
 Ignite Poison            Fire/Tmut/Pois 1%         N/A       54%         3
 Sticky Flame             Conj/Fire      1%         2d3       91%         4


Dungeon Overview and Level Annotations

Branches:
Dungeon (2/15)

Altars:
Nemelex Xobeh

Annotations:
D:2 Sigmund


Innate Abilities, Weirdness & Mutations

You have extremely sharp teeth.
When hurt, damage is shared between your health and your magic reserves.
Your bite disrupts and absorbs the magic of your enemies.
Potions cannot restore your health.


Message History

You are too injured to fight recklessly!
You are too injured to fight recklessly!
You hit the endoplasm.
You kill the endoplasm!
You start resting.
Sigmund is nearby! 2 endoplasms come into view.
The endoplasm hits you.
The endoplasm quivers.
You hit the endoplasm.
The endoplasm is heavily wounded.
The endoplasm hits you.
You hit the endoplasm.
You kill the endoplasm!
You hit the endoplasm. Your bite misses the endoplasm.
The endoplasm is lightly wounded.
You hit the endoplasm.
You bite the endoplasm, but do no damage.
The endoplasm is moderately wounded.
The endoplasm freezes you.
You are frozen.
* * * LOW HITPOINT WARNING * * *
You barely miss the endoplasm.
You bite the endoplasm, but do no damage.
The endoplasm is moderately wounded.
The endoplasm hits you.
* * * LOW HITPOINT WARNING * * *
Sigmund barely misses you.
As you read the scroll of teleportation, it crumbles to dust.
You feel strangely unstable. The endoplasm freezes you.
You are frozen.
* * * LOW HITPOINT WARNING * * *
Sigmund points at you and mumbles some strange words.
You are confused.
You bump into the rock wall.
The endoplasm hits you.
Sigmund hits you from afar with a +0 scythe!
Ouch! That really hurt!
You die...
Your body disappears without a glow.

### ##..# #..#
###..# #...# #
##@#.# .. ##..#)#
#..########@.##.#
#......#?J.##..#
#.#$..####.##
#........@.#
####..#..###
..#...# #.##.....
.. .##J.. .b# @#
:..


You could see Sigmund and an endoplasm.

Vanquished Creatures
  A dart slug (D:1)
  2 ball pythons (D:1)
  4 endoplasms
  2 giant cockroaches (D:1)
  3 hobgoblins (D:1)
  3 quokkas (D:1)
  5 bats
  A frilled lizard (D:1)
  7 goblins
  2 rats (D:1)
30 creatures vanquished.

Notes
Turn   | Place    | Note
-------+----------+-------------------------------------------
     0 | D:1      | purpskrrrp the Vine Stalker Enchanter began the quest for
                  | the Orb.
     0 | D:1      | Reached XP level 1. HP: 9/9 MP: 4/4
   534 | D:1      | Reached skill level 4 in Stealth
   534 | D:1      | Reached XP level 2. HP: 13/13 MP: 6/6
   553 | D:1      | Found a faded altar of an unknown god.
  1092 | D:1      | Reached XP level 3. HP: 16/16 MP: 7/7
  1463 | D:1      | Prayed at the altar of an unknown god.
  1463 | D:1      | Became a worshipper of Nemelex Xobeh the Trickster
  1463 | D:1      | Reached * piety under Nemelex Xobeh
  1473 | D:2      | Received a gift from Nemelex Xobeh
  1491 | D:2      | Noticed Sigmund
  1570 | D:2      | Reached skill level 1 in Short Blades
  1594 | D:2      | Mangled by Sigmund

Illustrated notes

Levels and vault maps discovered:
D:1:      dpeg_arrival_triangle_fractal, layout_loops_cross,
          hellmonk_ecumenical_altar_blasted, minmay_vboxes
D:2:      layout_rooms, basic_altar, nicolae_underground_beach, uniq_natasha,
          uniq_sigmund

Skill      XL: |  1  2  3 |
---------------+----------+-----
Stealth        | 4 |  4.5
Short Blades   | 1 |  1.0
Fighting       | |  0.1
Dodging        | |  1.8
Spellcasting   | |  2.3
Hexes          | |  3.5

Action                   || total
-------------------------++-------
Melee: Dagger            ||    81
       Bite              ||    18
  Use: Scroll            ||     8
       Potion            ||     1
 Stab: Sleeping          ||    10
Armor: Robe              ||     7
Dodge: Dodged            ||    36

Table legend: (Time is in decaauts)
 A = Elapsed time spent in this place.
 B = Non-inter-level travel time spent in this place.
 C = Inter-level travel time spent in this place.
 D = Time resting spent in this place.
 E = Time spent auto-exploring this place.
 F = Levels seen in this place.
 G = Mean time per level.
                   A        B        C        D        E       F      G
               +--------+--------+--------+--------+--------+-----+--------+
         Total |   1590 |   1516 |     74 |    208 |   1090 |   2 |  795.0 |
       Dungeon |   1590 |   1516 |     74 |    208 |   1090 |   2 |  795.0 |
               +--------+--------+--------+--------+--------+-----+--------+

Top non-repeatable levels by time:
     D:1: 1470 daAuts
     D:2: 119 daAuts
